 Dungeon Crawl Stone Soup version 0.15-a0-187-g0bb430c (webtiles) character file.

857 Jon2 the Vexing (level 7, -1/41 (46) HPs)
             Began as a Vampire Enchanter on Apr 21, 2014.
             Was an Initiate of Dithmenos.
             Slain by W0nk0's ghost (4 damage)
             ... on Level 5 of the Dungeon.
             The game lasted 00:18:03 (4286 turns).

Jon2 the Vexing (Vampire Enchanter)                 Turns: 4286, Time: 00:18:03

HP  -1/41 (46)   AC  3     Str  7      XL: 7   Next: 25%
MP   2/12        EV 20     Int 19      God: Dithmenos [......]
Gold 218         SH  0     Dex 19      Spells:  3 memorised,  4 levels left

rFire  . . .     SeeInvis +     l - +0,+2 short sword (venom)
rCold  + + .     Clarity  .     b - +1 robe
rNeg   + + +     Conserve .     (no shield)
rPois  +         rCorr    .     (no helmet)
rElec  .         rRot     +     (no cloak)
SustAb . .       Spirit   .     (no gloves)
rMut   .         Warding  .     (no boots)
Saprov . . .     Stasis   .     (no amulet)
MR     .....                    (no ring)
                                t - ring of regeneration

@: non-regenerating, agile, glowing, not resistant to hostile enchantments,
stealthy
A: bottle blood, fangs 3, see invisible, unbreathing
a: Bat Form, Bottle Blood, Renounce Religion


You were on level 5 of the Dungeon.
You worshipped Dithmenos.
Dithmenos was noncommittal.
You were bloodless.

You visited 1 branch of the dungeon, and saw 5 of its levels.

You collected 218 gold pieces.

Inventory:

Hand weapons
 a - a +1,+1 dagger
 e - a +4,+0 dagger
 k - a +1,+0 dagger of speed
 l - a +0,+2 short sword of venom (weapon)
 p - a +0 blowgun
Missiles
 d - 12 darts (quivered)
 q - 6 curare-tipped needles
Armour
 b - a +1 robe (worn)
Magical devices
 v - a wand of paralysis (8)
Scrolls
 f - 2 scrolls of enchant weapon I {unknown}
 g - 7 scrolls of identify {unknown}
 h - 3 scrolls of remove curse {unknown}
 i - a scroll of recharging {unknown}
 j - a scroll of blinking {unknown}
 m - 2 scrolls of fog {unknown}
 o - 5 scrolls of noise {unknown}
 s - 2 scrolls of enchant armour {unknown}
 u - a scroll of amnesia {unknown}
 x - a scroll of teleportation {unknown}
Jewellery
 t - a ring of regeneration (left hand)
Potions
 r - 2 potions of curing
 w - 4 potions of blood
 z - a potion of agility
Books
 c - a book of Maledictions

   Spells                             Type                      Level
   *Corona                            Hexes                        1
   Sure Blade                         Hexes/Charms                 2
   *Ensorcelled Hibernation           Hexes/Ice                    2
   *Confuse                           Hexes                        3
   Dazzling Spray                     Conjuration/Hexes            3
   Enslavement                        Hexes                        4


   Skills:
 * Level 5.5 Short Blades
 - Level 0.7 Throwing
 + Level 4.2 Dodging
 + Level 6.3 Stealth
 - Level 2.0 Spellcasting
 + Level 6.6 Hexes


You had 4 spell levels left.
You knew the following spells:

 Your Spells              Type           Power        Failure   Level  Hunger
a - Corona                Hex            ####...      1%          1    #......
b - Ensorcelled Hibernat  Hex/Ice        ##....       10%         2    ##.....
c - Confuse               Hex            ####....     3%          3    ####...


Dungeon Overview and Level Annotations

Branches:
Dungeon (5/15)
 Temple: D:4-7

Altars:
Ashenzari
Dithmenos
Elyvilon
Sif Muna
Yredelemnul
Zin

Annotations:
D:5 W0nk0's ghost, experienced CeAM


Innate Abilities, Weirdness & Mutations

You do not heal naturally.
You can bottle blood from corpses.
You have razor-sharp teeth.*
You have supernaturally acute eyesight.
You can survive without breathing.*


Message History

W0nk0's ghost hits you!
* * * LOW HITPOINT WARNING * * *
W0nk0's ghost freezes you.
* * * LOW HITPOINT WARNING * * *
Evoke which item? (* to show all) (? for menu, Esc to quit)
Zapping:
v - a wand of paralysis {zapped: 2}
Press: ? - help, Shift-Dir - straight line, f/p - W0nk0's ghost
Aim: W0nk0's ghost (moderately damaged) W0nk0's ghost resists with almost no effort.
W0nk0's ghost hits you!
* * * LOW HITPOINT WARNING * * *
Evoke which item? (* to show all) (? for menu, Esc to quit)
Okay, then.
Evoke which item? (* to show all) (? for menu, Esc to quit)
Zapping:
v - a wand of paralysis {zapped: 3}
Press: ? - help, Shift-Dir - straight line, f/p - W0nk0's ghost
Aim: W0nk0's ghost (moderately damaged) W0nk0's ghost resists with almost no effort.
W0nk0's ghost hits you.
You die...

..# #....# ....
#....# ..$..##....#
...........#
p..........#
#.......# #.#....#
#.###.p###
#.....@..# #####.
######.#.####......<
#.#...)..#
#.#......#
#######'#......####.
#...........%.......
#..........#+#######
#..........#.#
#..........#.#


You could see W0nk0's ghost.

Vanquished Creatures
  A phantom (D:4)
  2 ogres (D:4)
  2 scorpions (D:4)
  3 orc priests
  5 adders
  An inept item mimic (D:5)
  3 worms
  A giant eyeball (D:5)
  5 giant geckos
  An ooze (D:3)
  11 orcs
  A ball python (D:4)
  3 giant cockroaches
  5 hobgoblins
  10 kobolds
  2 quokkas (D:3)
  7 bats
  7 giant newts
  13 goblins
  3 rats
86 creatures vanquished.

Notes
Turn   | Place    | Note
--------------------------------------------------------------
     0 | D:1      | Jon2, the Vampire Enchanter, began the quest for the Orb.
     0 | D:1      | Reached XP level 1. HP: 13/13 MP: 3/3
   652 | D:1      | Reached XP level 2. HP: 19/19 MP: 4/4
   943 | D:2      | Reached XP level 3. HP: 20/24 MP: 6/6
   947 | D:2      | Learned a level 2 spell: Ensorcelled Hibernation
   951 | D:2      | Learned a level 3 spell: Confuse
  1340 | D:2      | Found a shattered altar of Ashenzari.
  1685 | D:3      | Reached XP level 4. HP: 18/30 MP: 7/7
  2550 | D:3      | Reached skill level 5 in Hexes
  2644 | D:3      | Reached XP level 5. HP: 9/35 MP: 9/9
  2650 | D:3      | Found a white marble altar of Elyvilon.
  2760 | D:3      | Found a deep blue altar of Sif Muna.
  2843 | D:4      | Reached skill level 5 in Stealth
  2902 | D:4      | Noticed an ogre
  2911 | D:4      | Killed an ogre
  2911 | D:4      | Reached XP level 6. HP: 41/41 MP: 10/10
  2952 | D:4      | Noticed an ogre
  2972 | D:4      | Found a basalt altar of Yredelemnul.
  2982 | D:4      | Killed an ogre
  2982 | D:4      | Reached skill level 6 in Hexes
  3068 | D:4      | Found a glowing silver altar of Zin.
  3389 | D:4      | Found a shadowy altar of Dithmenos.
  3389 | D:4      | Noticed a phantom
  3411 | D:4      | Killed a phantom
  3411 | D:4      | Reached skill level 5 in Short Blades
  3418 | D:4      | Became a worshipper of Dithmenos the Shadowed
  3494 | D:4      | Reached XP level 7. HP: 46/46 MP: 12/12
  3830 | D:5      | Entered Level 5 of the Dungeon
  3851 | D:5      | Paralysed by a giant eyeball for 4 turns
  3872 | D:5      | Paralysed by a giant eyeball for 4 turns
  4256 | D:5      | Noticed W0nk0's ghost (experienced CeAM)
  4286 | D:5      | Slain by W0nk0's ghost

Action                   |  1- 3 |  4- 6 |  7- 9 || total
-------------------------+-------+-------+-------++-------
Melee: Dagger            |    43 |       |       ||    43
       Short sword       |    57 |   106 |    76 ||   239
 Fire: Blowgun           |       |     4 |       ||     4
 Cast: Confuse           |       |     4 |     5 ||     9
       Ensorcelled Hiber |       |     2 |    11 ||    13
 Abil: Bottle Blood      |       |     3 |     2 ||     5
Evoke: Wand              |       |     2 |     2 ||     4
  Use: Potion            |     4 |     3 |     4 ||    11
 Stab: Sleeping          |     9 |     5 |     4 ||    18
       Distracted        |     1 |       |     1 ||     2
       Confused          |       |     2 |       ||     2
       Paralysed         |       |     2 |       ||     2
